 Dungeon Crawl Stone Soup version 0.24.0-37-gcf1ca852f1 (webtiles) character file.

Game seed: 6151582914263642235, levelgen mode: deterministic

13493 FishyPogo the Thaumaturge (level 12, -22/74 HPs)
             Began as a Gnoll Skald on Dec 6, 2019.
             Was a Priest of Hepliaklqana.
             Annihilated by an orc warrior
             ... wielding a +0 scimitar
              (36 damage)
             ... on level 2 of the Orcish Mines on Dec 7, 2019.
             The game lasted 01:10:24 (10114 turns).

FishyPogo the Thaumaturge (Gnoll Skald)            Turns: 10114, Time: 01:10:25

Health: -22/74     AC: 13    Str: 20    XL:     12   Next: 6%
Magic:  10/24      EV: 12    Int: 14    God:    Hepliaklqana [***...]
Gold:   632        SH:  2    Dex: 16    Spells: 5/28 levels left

rFire    . . .     SeeInvis +   a - +6 war axe of Death {pain, rPois Str+4 Int-3 SInv}
rCold    + . .     Gourm    .   (no shield)
rNeg     . . .     Faith    .   W - +2 scale mail {rC+}
rPois    +         Spirit   .   Z - +2 hat
rElec    +         Reflect  +   (no cloak)
rCorr    .         Harm     .   O - +0 pair of gloves
MR       +....                  (no boots)
Stlth    ++........             M - +2 amulet of reflection
HPRegen  1.22/turn              D - ring of protection from magic
MPRegen  0.19/turn              P - ring of see invisible

@: infused, singing, grasped by roots, regenerating, constricted
A: distributed training, reduced essence, fangs 1, blurry vision 1, frail 1,
electricity resistance, strong nose
a: Recall Ancestor, Ancestor Identity, Transference, Renounce Religion


You were on level 2 of the Orcish Mines.
You worshipped Hepliaklqana.
Hepliaklqana was most pleased with you.
You were not hungry.

You visited 2 branches of the dungeon, and saw 13 of its levels.
You also visited: Sewer, Ossuary and Bailey.

You collected 632 gold pieces.

Inventory:

Hand Weapons
 a - the +6 war axe of Death (weapon) {pain, rPois Str+4 Int-3 SInv}
   (You found it on level 4 of the Dungeon)

   In the hands of one skilled in necromantic magic, it inflicts extra damage on
   living creatures.
   It affects your strength (+4).
   It affects your intelligence (-3).
   It protects you from poison.
   It lets you see invisible.
 S - the +3 long sword of Pestilence {holy, rN+ Dex+4 SInv}
   (You found it on level 11 of the Dungeon)

   It has been blessed by the Shining One to cause great damage to the undead
   and demons.
   It affects your dexterity (+4).
   It protects you from negative energy.
   It lets you see invisible.
 Y - a +4 long sword
Missiles
 j - 6 atropa-tipped darts
 q - 37 poisoned darts (quivered)
 R - a throwing net
 U - 47 boomerangs
Armour
 b - the +0 leather armour of the Forest {MR- Slay+5}
   (You found it in a bailey)

   It affects your accuracy and damage with ranged weapons and melee attacks
   (+5).
   It affects your resistance to hostile enchantments.
 O - a +0 pair of gloves (worn)
 W - a +2 scale mail of cold resistance (worn)
 Z - a +2 hat (worn)
Magical Staves
 L - an uncursed staff of wizardry
Jewellery
 f - an uncursed ring of flight
 D - a ring of protection from magic (left hand)
 I - an uncursed ring of fire
 J - the ring of Zexu Duv {rF+ Int+5 Slay-5}
   (You found it on level 11 of the Dungeon)

   [ring of protection from fire]

   It affects your intelligence (+5).
   It affects your accuracy and damage with ranged weapons and melee attacks
   (-5).
   It protects you from fire.
 M - a +2 amulet of reflection (around neck)
 P - a ring of see invisible (right hand)
Wands
 k - a wand of disintegration (9)
 m - a wand of acid (8)
 A - a wand of digging (6)
 K - a wand of paralysis (13)
 T - a wand of iceblast (17)
 X - a wand of flame (33)
Scrolls
 c - 5 scrolls of enchant weapon {unknown}
 g - 9 scrolls of remove curse
 h - a scroll of enchant armour {unknown}
 i - 8 scrolls of teleportation
 n - 5 scrolls of magic mapping
 p - 2 scrolls of identify
 y - a scroll of fear
 F - a scroll of fog
 N - 2 scrolls of blinking
Potions
 e - 2 potions of agility
 r - a potion of heal wounds
 t - a potion of magic
 u - a potion of resistance
 v - 2 potions of brilliance
 w - 3 potions of berserk rage
 x - 4 potions of flight
 z - 6 potions of curing
 C - 5 potions of haste
 E - 4 potions of lignification
 G - 3 potions of invisibility
 H - a potion of might
 Q - a potion of cancellation
 V - 2 potions of ambrosia
Comestibles
 d - 17 rations
 l - 9 chunks of flesh


   Skills:
 + Level 8.3 Fighting
 + Level 6.8 Short Blades
 + Level 6.8 Long Blades
 + Level 6.8 Axes
 + Level 8.3 Maces & Flails
 + Level 6.8 Polearms
 + Level 6.8 Staves
 + Level 6.8 Slings
 + Level 6.8 Bows
 + Level 6.8 Crossbows
 + Level 6.8 Throwing
 + Level 7.3 Armour
 + Level 8.3 Dodging
 + Level 6.8 Stealth
 + Level 6.8 Shields
 + Level 6.8 Unarmed Combat
 + Level 8.5 Spellcasting
 + Level 5.6 Conjurations
 + Level 5.6 Hexes
 + Level 7.9 Charms
 + Level 5.6 Summonings
 + Level 5.6 Necromancy
 + Level 5.6 Translocations
 + Level 5.6 Transmutations
 + Level 5.6 Fire Magic
 + Level 5.6 Ice Magic
 + Level 5.6 Air Magic
 + Level 5.6 Earth Magic
 + Level 5.6 Poison Magic
 + Level 7.4 Invocations
 + Level 6.8 Evocations


You had 5 spell levels left.
You knew the following spells:

 Your Spells              Type           Power        Failure   Level  Hunger
b - Poisonous Vapours     Pois/Air       ###...       4%          2    None
c - Mephitic Cloud        Conj/Pois/Air  ###.....     9%          3    ##.....
h - Regeneration          Chrm/Necr      ####......   5%          3    ##.....
i - Ice Form              Ice/Tmut       ###.....     30%         4    ####...
j - Conjure Flame         Conj/Fire      ###.....     9%          3    ##.....
n - Spectral Weapon       Hex/Chrm       ####....     5%          3    ##.....
p - Shroud of Golubria    Chrm/Tloc      ####..       2%          2    None
u - Song of Slaying       Chrm           ####....     1%          2    None
y - Infusion              Chrm           ####         1%          1    None

Your spell library contained the following spells:

 Spells                   Type           Power        Failure   Level  Hunger
 Animate Skeleton         Necr           N/A          3%          1    None
 Apportation              Tloc           ###...       3%          1    None
 Beastly Appendage        Tmut           ###...       3%          1    None
 Confusing Touch          Hex            ###...       3%          1    None
 Corona                   Hex            ###....      3%          1    None
 Summon Small Mammal      Summ           ###.         3%          1    None
 Slow                     Hex            ###.....     4%          2    None
 Sticks to Snakes         Tmut           ###.....     4%          2    None
 Inner Flame              Hex/Fire       ###.....     9%          3    ##.....
 Portal Projectile        Hex/Tloc       ###...       9%          3    ##.....
 Spider Form              Tmut/Pois      ###.......   9%          3    ##.....
 Cause Fear               Hex            ###.......   30%         4    ####...
 Leda's Liquefaction      Hex/Erth       ###.......   30%         4    ####...
 Blade Hands              Tmut           ###.......   63%         5    #####..
 Freezing Cloud           Conj/Ice/Air   ###.......   99%         6    #######
 Ring of Flames           Chrm/Fire      ####......   100%        7    #######


Dungeon Overview and Level Annotations

Branches:
Dungeon (11/15)            Temple (0/1) D:5            Lair (0/6) D:8
    Orc (2/2) D:10          Sewer (visited)         Ossuary (visited)
 Bailey (visited)
    Elf: Orc:2

Altars:
Ashenzari
Elyvilon
Hepliaklqana
Nemelex Xobeh
Xom
Zin
The Shining One

Shops:
D:4 *   D:6 %   Orc:2 }

Annotations:
Orc:2 Jorgrun


Innate Abilities, Weirdness & Mutations

Your experience applies equally to all skills.
You have very sharp teeth.
Your uncanny sense of smell can sniff out nearby items.
Your life essence is reduced to manifest your ancestor. (-10% HP)
Scrolls take you a little longer to read.
You are frail. (-10% HP)
You are resistant to electric shocks. (rElec)


Message History

The weapon returns to the orc!
The grasping roots constrict you!
Unknown command.
Unknown command.
You can't go down here!
Okay, then.
The roots' grasp on you weakens, but your attempt to escape fails.
An orc sorcerer comes into view.
It is wielding a +0 dagger and wearing a +2 robe of fire resistance.
Libusa casts a spell at the orc priest.
The orc priest resists with some effort.
The orc priest invokes the aid of Beogh against you.
Beogh smites you!
* * * LOW HITPOINT WARNING * * *
The orc priest hits Libusa with a +0 hand axe!
The orc priest closely misses you.
The orc priest hits Libusa with a +0 hand axe!
The orc throws a boomerang.
The boomerang hits you but does no damage.
The weapon returns to the orc!
The orc warrior hits you with a +0 scimitar!!!
You die...

o.... ....o.....
..... ....o.....
.....##.........
.......o........
......og........
....#ooo.o...∩..
......oo))..$.<.
#...oR@o)......
........([......
...............#
.........$......
................
........$.......
................
.....##.........


You could see the friendly Libusa the hexer, Jorgrun, an orc knight, an orc
sorcerer, 3 orc warriors, 4 orc priests, 4 orcs and a friendly spectral +6 war
axe of Death {pain, rPois Str+4 Int-3 SInv}.

Vanquished Creatures
  Gastronok (D:9)
  Harold (D:9)
  Pikel (D:6)
  The ghost of Nattfarinn the Transmogrifier, a novice MfTm (D:5)
  The ghost of NeAGen181 the Grave Robber, a novice DDNe (D:7)
  A gargoyle (D:10)
  2 trolls
  A queen bee (D:7)
  3 hornets
  Prince Ribbit (D:9)
  A wyvern (D:10)
  Eustachio (D:6)
  2 hungry ghosts (D:10)
  9 orc warriors
  4 slaves (D:6)
  Purgy (Sewer)
  3 ogres
  An ice beast (D:5)
  2 necrophages
  A phantom (D:10)
  A sky beast (D:10)
  2 black bears (D:8)
  4 wolves (D:8)
  4 centaurs
  2 big kobolds
  A wyvern zombie (D:6)
  A gnoll sergeant (D:9)
  5 bullfrogs
  2 scorpions
  8 killer bees
  2 troll zombies (D:10)
  11 wights
  4 electric eels
  8 crimson imps
  4 howler monkeys
  A bullfrog zombie (D:5)
  2 quasits
  A jelly (D:9)
  10 orc priests
  7 hounds
  13 orc wizards
  A bullfrog skeleton (D:9)
  2 centaur skeletons
  A gnoll shaman (D:6)
  An iguana (D:8)
  Natasha (thrice) (D:2)
  8 worker ants
  5 ogre zombies (D:10)
  3 hound skeletons
  11 mummies (Ossuary)
  A worker ant zombie (D:5)
  15 gnolls
  23 adders
  3 shadow imps
  An ooze (D:3)
  An adder skeleton (D:8)
  3 worms
  6 leopard geckos
  49 orcs
  7 bats
  7 giant cockroaches
  12 goblins
  10 hobgoblins
  13 jackals
  30 kobolds
  4 quokkas
  4 ball pythons
  9 frilled lizards
  5 gnoll skeletons (Ossuary)
  A goblin skeleton (Ossuary)
  2 goblin zombies (D:10)
  2 hobgoblin skeletons (D:10)
  5 hobgoblin zombies (D:10)
  2 jackal skeletons
  A kobold skeleton (Ossuary)
  A leopard gecko skeleton (D:5)
  2 orc skeletons
  12 orc zombies (D:10)
  A quokka skeleton (D:5)
  10 rats
  11 rat skeletons (Ossuary)
419 creatures vanquished.

Vanquished Creatures (collateral kills)
  A hornet zombie (D:10)
  An eye of draining (D:8)
  A wight (D:7)
  2 killer bees
  2 electric eels (D:8)
  An orc priest (D:7)
  2 centaur skeletons (D:5)
  An ogre zombie (D:10)
  A howler monkey zombie (D:7)
  A mummy (Ossuary)
  A gnoll (D:7)
  2 adders
  An adder skeleton (D:8)
  7 orcs
  2 goblins (D:9)
  2 hobgoblins (Bailey)
  3 kobolds
  A ball python (Sewer)
  A frilled lizard (D:3)
  A giant cockroach zombie (D:5)
  3 orc zombies (D:10)
37 creatures vanquished.

Vanquished Creatures (others)
  An ogre (D:7)
  3 hexers
  2 ancestors
  An orc (D:7)
  A kobold (Bailey)
  6 spectral weapons
14 creatures vanquished.

Grand Total: 470 creatures vanquished

Notes
Turn   | Place    | Note
-------+----------+-------------------------------------------
     0 | D:1      | FishyPogo the Gnoll Skald began the quest for the Orb.
     0 | D:1      | Reached XP level 1. HP: 20/20 MP: 6/6
    96 | D:1      | Reached XP level 2. HP: 25/26 MP: 7/7
   149 | D:1      | Learned a level 2 spell: Song of Slaying
   152 | D:1      | Learned a level 2 spell: Shroud of Golubria
   253 | D:2      | Noticed Natasha
   257 | D:2      | Noticed a crimson imp
   260 | D:2      | Killed Natasha
   260 | D:2      | Reached skill level 5 in Spellcasting
   260 | D:2      | Reached skill level 1 in Invocations
   260 | D:2      | Reached XP level 3. HP: 22/31 MP: 4/9
   578 | D:1      | Reached skill level 1 in Short Blades
   578 | D:1      | Reached skill level 1 in Long Blades
   578 | D:1      | Reached skill level 1 in Axes
   578 | D:1      | Reached skill level 1 in Polearms
   578 | D:1      | Reached skill level 1 in Staves
   578 | D:1      | Reached skill level 1 in Slings
   578 | D:1      | Reached skill level 1 in Bows
   578 | D:1      | Reached skill level 1 in Crossbows
   578 | D:1      | Reached skill level 1 in Throwing
   578 | D:1      | Reached skill level 1 in Stealth
   578 | D:1      | Reached skill level 1 in Shields
   578 | D:1      | Reached skill level 1 in Unarmed Combat
   578 | D:1      | Reached skill level 1 in Evocations
   606 | D:1      | Learned a level 3 spell: Regeneration
   611 | D:1      | Learned a level 3 spell: Spectral Weapon
   713 | D:2      | Reached XP level 4. HP: 36/38 MP: 11/11
  1315 | D:2      | Noticed Natasha
  1328 | D:2      | Killed Natasha
  1328 | D:2      | Reached skill level 1 in Conjurations
  1328 | D:2      | Reached skill level 1 in Hexes
  1328 | D:2      | Reached skill level 1 in Summonings
  1328 | D:2      | Reached skill level 1 in Necromancy
  1328 | D:2      | Reached skill level 1 in Translocations
  1328 | D:2      | Reached skill level 1 in Transmutations
  1328 | D:2      | Reached skill level 1 in Fire Magic
  1328 | D:2      | Reached skill level 1 in Ice Magic
  1328 | D:2      | Reached skill level 1 in Air Magic
  1328 | D:2      | Reached skill level 1 in Earth Magic
  1328 | D:2      | Reached skill level 1 in Poison Magic
  1337 | D:2      | Noticed Natasha
  1542 | D:3      | Reached XP level 5. HP: 41/43 MP: 3/12
  1998 | D:3      | Found a shimmering altar of Xom.
  1998 | D:3      | Found a shattered altar of Ashenzari.
  1998 | D:3      | Found a hazy altar of Hepliaklqana.
  2003 | D:3      | Became a worshipper of Hepliaklqana the Forgotten
  2206 | D:4      | Reached XP level 6. HP: 44/45 MP: 7/13
  2233 | D:4      | Reached skill level 5 in Fighting
  2233 | D:4      | Reached skill level 5 in Maces & Flails
  2233 | D:4      | Reached skill level 5 in Dodging
  2372 | D:4      | Got a steaming war axe
  2415 | D:4      | Identified the +6 war axe of Death {pain, rPois Str+4 Int-3
                  | SInv} (You found it on level 4 of the Dungeon)
  2616 | D:4      | Found Zin's Purification Station.
  2617 | D:4      | Found a glowing silver altar of Zin.
  2843 | D:5      | Entered Level 5 of the Dungeon
  2865 | D:5      | Reached XP level 7. HP: 50/50 MP: 13/15
  2930 | D:5      | Found a glowing drain.
  2937 | Sewer    | Entered a sewer
  3030 | Sewer    | Noticed Purgy
  3039 | Sewer    | Killed Purgy
  3197 | D:5      | Reached * piety under Hepliaklqana
  3636 | D:5      | Found a large runed translucent door.
  3637 | D:5      | Found a large runed translucent door.
  3641 | D:5      | Noticed Nattfarinn's ghost (novice MfTm)
  3836 | D:5      | Found a staircase to the Ecumenical Temple.
  4095 | D:5      | Reached XP level 8. HP: 56/56 MP: 6/16
  4186 | D:6      | Noticed Pikel
  4192 | D:6      | Found Piwokuh's Food Emporium.
  4248 | D:6      | Found a sand-covered staircase.
  4252 | Ossuary  | Entered an ossuary
  4666 | D:6      | Killed Pikel
  4666 | D:6      | Reached XP level 9. HP: 26/62 MP: 5/18
  4775 | D:6      | Reached ** piety under Hepliaklqana
  4776 | D:6      | Remembered your ancestor Libusa as a hexer
  5009 | D:6      | Noticed Eustachio
  5019 | D:6      | Killed Eustachio
  5019 | D:6      | Reached skill level 5 in Armour
  5255 | D:7      | Found a transporter.
  5256 | D:7      | Found a transporter.
  5257 | D:7      | Noticed NeAGen181's ghost (novice DDNe)
  5471 | D:7      | Noticed a queen bee
  5479 | D:7      | Reached skill level 5 in Invocations
  5551 | D:7      | Reached XP level 10. HP: 38/69 MP: 4/20
  5826 | D:7      | Found a sparkling altar of Nemelex Xobeh.
  6012 | D:8      | Found a white marble altar of Elyvilon.
  6021 | D:8      | Reached skill level 5 in Short Blades
  6021 | D:8      | Reached skill level 5 in Long Blades
  6021 | D:8      | Reached skill level 5 in Axes
  6021 | D:8      | Reached skill level 5 in Polearms
  6021 | D:8      | Reached skill level 5 in Staves
  6021 | D:8      | Reached skill level 5 in Slings
  6021 | D:8      | Reached skill level 5 in Bows
  6021 | D:8      | Reached skill level 5 in Crossbows
  6021 | D:8      | Reached skill level 5 in Throwing
  6021 | D:8      | Reached skill level 5 in Stealth
  6021 | D:8      | Reached skill level 5 in Shields
  6021 | D:8      | Reached skill level 5 in Unarmed Combat
  6021 | D:8      | Reached skill level 5 in Evocations
  6166 | D:8      | HP: 2/71 [electric eel/bolt of electricity (9)]
  6502 | D:8      | Found a staircase to the Lair.
  6515 | D:8      | HP: 2/71 [electric eel/bolt of electricity (11)]
  6677 | D:8      | Learned a level 3 spell: Mephitic Cloud
  6681 | D:8      | Learned a level 3 spell: Conjure Flame
  6684 | D:8      | Learned a level 2 spell: Poisonous Vapours
  6885 | D:9      | Noticed Prince Ribbit
  6927 | D:9      | Reached *** piety under Hepliaklqana
  6939 | D:9      | Found a flagged portal.
  6952 | Bailey   | Entered a bailey
  6998 | Bailey   | Reached XP level 11. HP: 62/75 MP: 2/22
  7064 | Bailey   | Got an encrusted leather armour
  7075 | Bailey   | Identified the +0 leather armour of the Forest {MR- Slay+5}
                  | (You found it in a bailey)
  7079 | Bailey   | Learned a level 1 spell: Apportation
  7193 | D:9      | Killed Prince Ribbit
  7254 | D:9      | Gained mutation: You passively map a small area around you.
                  | [potion of mutation]
  7254 | D:9      | Gained mutation: You are agile. (Dex +2) [potion of
                  | mutation]
  7400 | D:9      | Noticed Harold
  7410 | D:9      | Killed Harold
  7418 | D:9      | Noticed Gastronok
  7434 | D:9      | Killed Gastronok
  7434 | D:9      | Reached skill level 5 in Conjurations
  7434 | D:9      | Reached skill level 5 in Hexes
  7434 | D:9      | Reached skill level 5 in Summonings
  7434 | D:9      | Reached skill level 5 in Necromancy
  7434 | D:9      | Reached skill level 5 in Translocations
  7434 | D:9      | Reached skill level 5 in Transmutations
  7434 | D:9      | Reached skill level 5 in Fire Magic
  7434 | D:9      | Reached skill level 5 in Ice Magic
  7434 | D:9      | Reached skill level 5 in Air Magic
  7434 | D:9      | Reached skill level 5 in Earth Magic
  7434 | D:9      | Reached skill level 5 in Poison Magic
  7531 | D:9      | Found a glowing golden altar of the Shining One.
  7537 | D:9      | Lost mutation: You passively map a small area around you.
                  | [potion of mutation]
  7537 | D:9      | Lost mutation: You are agile. (Dex +2) [potion of mutation]
  7537 | D:9      | Gained mutation: You are clumsy. (Dex -2) [potion of
                  | mutation]
  7537 | D:9      | Gained mutation: Your flesh is heat resistant. (rF+)
                  | [potion of mutation]
  7538 | D:9      | Lost mutation: Your flesh is heat resistant. (rF+) [potion
                  | of mutation]
  7538 | D:9      | Lost mutation: You are clumsy. (Dex -2) [potion of
                  | mutation]
  7538 | D:9      | Gained mutation: You are frail. (-10% HP) [potion of
                  | mutation]
  7538 | D:9      | Gained mutation: Scrolls take you a little longer to read.
                  | [potion of mutation]
  7538 | D:9      | Gained mutation: You are resistant to electric shocks.
                  | (rElec) [potion of mutation]
  7727 | D:10     | Entered Level 10 of the Dungeon
  7783 | D:10     | Learned a level 4 spell: Ice Form
  8071 | D:10     | Found a staircase to the Orcish Mines.
  8113 | D:10     | HP: 1/68 [gargoyle/stone arrow (20)]
  8709 | Orc:1    | Entered Level 1 of the Orcish Mines
  8738 | D:11     | Got a fine steel ring
  8740 | D:11     | Identified the ring of Zexu Duv {rF+ Int+5 Slay-5} (You
                  | found it on level 11 of the Dungeon)
  8761 | D:11     | Got a crystal long sword
  8762 | D:11     | Identified the cursed +3 long sword of Pestilence {holy,
                  | rN+ Dex+4 SInv} (You found it on level 11 of the Dungeon)
  9313 | D:2      | Killed Natasha
  9450 | D:5      | Killed Nattfarinn's ghost
  9617 | D:7      | Killed NeAGen181's ghost
  9617 | D:7      | Reached XP level 12. HP: 15/74 MP: 10/24
  9882 | Orc:2    | Entered Level 2 of the Orcish Mines
  9882 | Orc:2    | Found Xoklil's Gadget Boutique.
  9892 | Orc:2    | Noticed Jorgrun
 10114 | Orc:2    | Annihilated by an orc warrior

Levels and vault maps discovered:
D:1:      mrwooster_arrival_statue_3, layout_loops_ring
D:2:      layout_loops_corners, uniq_natasha
D:3:      layout_loops_cross, chequers_temple_overflow_statue_of_worship,
          grunt_ministairs_11, st_stairs_5
D:4:      layout_loops_ring, zin_purify
D:5:      layout_basic, temple_fountains, gup_sewer_entry_bubbles,
          ebering_ghost_disaster_area, first_ration
D:6:      layout_basic, serial_shops, shop, nicolae_ossuary_entry_plus,
          nicolae_lava_and_water, uniq_eustachio, uniq_pikel
D:7:      layout_basic, nicolae_overflow_crystal_walls, gammafunk_ghost_hive
D:8:      layout_cave_pods, erik_lair_island, basic_altar
D:9:      layout_layer_cave, enter_bailey_3, basic_altar, uniq_prince_ribbit1,
          uniq_harold, uniq_gastronok
D:10:     layout_gridville, zombieorc2_lemuel
D:11:     layout_loops_ring, serial_shops, shop
Orc:1:    layout_caves, serial_shops, shop, nicolae_orc_tapped_out
Orc:2:    grunt_orc_tribal_feast, layout_caves, serial_shops, shop, uniq_jorgrun

Skill      XL: |  1  2  3  4  5  6  7  8  9 10 11 |
---------------+----------------------------------+-----
Spellcasting   | 5 6 7 8 |  8.5
Invocations    | 1 2 3 4 5 6 7 |  7.4
Short Blades   | 1 2 3 4 5 6 |  6.8
Long Blades    | 1 2 3 4 5 6 |  6.8
Axes           | 1 2 3 4 5 6 |  6.8
Polearms       | 1 2 3 4 5 6 |  6.8
Staves         | 1 2 3 4 5 6 |  6.8
Slings         | 1 2 3 4 5 6 |  6.8
Bows           | 1 2 3 4 5 6 |  6.8
Crossbows      | 1 2 3 4 5 6 |  6.8
Throwing       | 1 2 3 4 5 6 |  6.8
Stealth        | 1 2 3 4 5 6 |  6.8
Shields        | 1 2 3 4 5 6 |  6.8
Unarmed Combat | 1 2 3 4 5 6 |  6.8
Evocations     | 1 2 3 4 5 6 |  6.8
Conjurations   | 1 2 3 4 5 |  5.6
Hexes          | 1 2 3 4 5 |  5.6
Summonings     | 1 2 3 4 5 |  5.6
Necromancy     | 1 2 3 4 5 |  5.6
Translocations | 1 2 3 4 5 |  5.6
Transmutations | 1 2 3 4 5 |  5.6
Fire Magic     | 1 2 3 4 5 |  5.6
Ice Magic      | 1 2 3 4 5 |  5.6
Air Magic      | 1 2 3 4 5 |  5.6
Earth Magic    | 1 2 3 4 5 |  5.6
Poison Magic   | 1 2 3 4 5 |  5.6
Armour         | 3 4 5 6 7 |  7.3
Fighting       | 5 6 7 8 |  8.3
Maces & Flails | 5 6 7 8 |  8.3
Dodging        | 5 6 7 8 |  8.3
Charms         | 6 7 |  7.9

Action                   |  1- 3 |  4- 6 |  7- 9 | 10-12 || total
-------------------------+-------+-------+-------+-------++-------
Melee: Mace              |    42 |       |       |       ||    42
       Bite              |     5 |    18 |    35 |    35 ||    93
       Whip              |    28 |   204 |       |       ||   232
       Punch             |       |     3 |     2 |     9 ||    14
       War axe           |       |    13 |   244 |   267 ||   524
       Long sword        |       |       |       |    19 ||    19
Throw: Stone             |       |       |     2 |     1 ||     3
       Dart              |       |       |       |     9 ||     9
 Cast: Infusion          |     2 |     7 |     1 |     5 ||    15
       Regeneration      |     1 |     5 |    13 |    30 ||    49
       Song of Slaying   |       |     9 |     2 |    16 ||    27
       Shroud of Golubri |       |     4 |     3 |    18 ||    25
       Spectral Weapon   |       |     4 |    33 |    39 ||    76
       Mephitic Cloud    |       |       |       |    10 ||    10
       Poisonous Vapours |       |       |       |     2 ||     2
       Apportation       |       |       |       |     3 ||     3
Invok: Recall Ancestor   |       |       |     1 |     4 ||     5
       Ancestor Life: He |       |       |     1 |       ||     1
       Transference      |       |       |       |     2 ||     2
 Abil: Evoke Flight      |       |     1 |     6 |       ||     7
       Stop Flying       |       |       |     2 |       ||     2
Evoke: Wand              |       |       |       |     2 ||     2
  Use: Scroll            |       |     3 |     1 |    21 ||    25
       Potion            |       |       |       |    10 ||    10
 Stab: Sleeping          |     2 |     2 |     2 |     5 ||    11
       Distracted        |       |     1 |     1 |     2 ||     4
       Confused          |       |       |     2 |    13 ||    15
  Eat: Chunk             |       |     7 |    14 |    20 ||    41
Armor: Leather armour    |     9 |    35 |    23 |    32 ||    99
       Scale mail        |       |       |       |    80 ||    80
Dodge: Dodged            |    48 |   165 |   178 |   315 ||   706
Block: Other             |       |       |     1 |    29 ||    30
       Reflection        |       |       |       |     6 ||     6
       Rpst.: Long sword |       |       |       |     8 ||     8
